EVO
FRESNO STATE UNIVERSITY BULLDOGS @ UNIVERSITY OF TORONTO MARLIES
09/08/2044
 
TOP OF THE 1ST
Fresno State University Bulldogs batting - Pitching for University of Toronto Marlies : RHP Si-dao Xia
Pitching: RHP Si-dao Xia
Batting: LHB Vinny Rivera 0-0: Called Strike
0-1: Called Strike
0-2: Ball
1-2: Strikes out swinging
Batting: LHB Mike Roberts 0-0: Fly out, F8 (Flyball, 8LM, EV 84.4 MPH)
Batting: RHB Tommy Tracy 0-0: Ball
1-0: Ball
2-0: Called Strike
2-1: Called Strike
2-2: Ball
3-2: Foul Ball, location: 2F
3-2: SINGLE (Groundball, 3D, EV 102.5 MPH)
Batting: RHB Todd Vanasco 0-0: Ball
1-0: Foul Ball, location: 2F
1-1: Ball
2-1: Swinging Strike
2-2: Foul Ball, location: 2F
2-2: Ball
3-2: Fly out, F4 (Popup, 4D, EV 57.5 MPH)
Top of the 1st over - 0 runs, 1 hit, 0 errors, 1 left on base; Fresno State University 0 - University of Toronto 0
BOTTOM OF THE 1ST
University of Toronto Marlies batting - Pitching for Fresno State University Bulldogs : RHP Adrian Foreman
Pitching: RHP Adrian Foreman
Batting: LHB Jonathan Roman 0-0: Foul Ball, location: 2F
0-1: Swinging Strike
0-2: SINGLE (Groundball, 4, EV 104.4 MPH)
Batting: RHB Rich Thurman 0-0: Ball
1-0: Ball
2-0: Swinging Strike
2-1: Reached on error, E5 (Groundball, 56S, EV 80.6 MPH)
Jonathan Roman to second
Batting: LHB Jonathon Walton 0-0: Ball
1-0: Ball
2-0: Ball
3-0: Called Strike
3-1: Base on Balls
Jonathan Roman to third
Rich Thurman to second
Batting: RHB Elijah Hunter 0-0: Fielders Choice at 2nd, 6-4 (Groundball, 6M, EV 105.0 MPH)
Jonathan Roman scores
Rich Thurman to third
Batting: RHB Masaru Konno 0-0: Ball
1-0: Ball
2-0: Ball
3-0: Called Strike
3-1: Foul Ball, location: 2F
3-2: Foul Ball, location: 2F
3-2: Foul Ball, location: 2F
3-2: Base on Balls
Elijah Hunter to second
Batting: RHB Leo Gutierrez 0-0: Called Strike
0-1: Ball
1-1: Swinging Strike
1-2: Strikes out looking
Batting: RHB Dan Allred 0-0: Ball
1-0: Swinging Strike
1-1: Ball
2-1: Called Strike
2-2: Ball
3-2: DOUBLE (Line Drive, 78D, EV 105.6 MPH)
Rich Thurman scores
Elijah Hunter scores
Masaru Konno to third
Masaru Konno scores
Batting: LHB Marshall Daul 0-0: Called Strike
0-1: Foul Ball, location: 2F
0-2: Strikes out looking
Bottom of the 1st over - 4 runs, 2 hits, 1 error, 1 left on base; Fresno State University 0 - University of Toronto 4
TOP OF THE 2ND
Fresno State University Bulldogs batting - Pitching for University of Toronto Marlies : RHP Si-dao Xia
Batting: RHB Phil Hamby 0-0: Swinging Strike
0-1: Foul Ball, location: 2F
0-2: Ball
1-2: Fly out, F9 (Flyball, 89D, EV 95.6 MPH)
Batting: RHB Andrew Pride 0-0: Ball
1-0: Called Strike
1-1: Foul Ball, location: 2F
1-2: Fly out, F9 (Flyball, 9LM, EV 85.6 MPH)
Batting: RHB Ryan Miller 0-0: Called Strike
0-1: Ball
1-1: SINGLE (Flyball, 34D, EV 84.4 MPH)
Batting: RHB Tsugio Yamaguchi 0-0: Fielders Choice at 2nd, 6-4 (Groundball, 6, EV 91.9 MPH)
Top of the 2nd over - 0 runs, 1 hit, 0 errors, 1 left on base; Fresno State University 0 - University of Toronto 4
BOTTOM OF THE 2ND
University of Toronto Marlies batting - Pitching for Fresno State University Bulldogs : RHP Adrian Foreman
Batting: RHB Tacito Carreiro 0-0: Called Strike
0-1: Swinging Strike
0-2: Strikes out swinging
Batting: LHB Jonathan Roman 0-0: Ball
1-0: Swinging Strike
1-1: Foul Ball, location: 2F
1-2: Ball
2-2: Ground out 4-3 (Groundball, 4, EV 100.6 MPH)
Batting: RHB Rich Thurman 0-0: Ball
1-0: Ball
2-0: Ball
3-0: Base on Balls
Batting: LHB Jonathon Walton 0-0: Foul Ball, location: 2F
0-1: Ball
1-1: Ball
2-1: Ball
3-1: Ground out 4-3 (Groundball, 4, EV 104.4 MPH)
Bottom of the 2nd over - 0 runs, 0 hits, 0 errors, 1 left on base; Fresno State University 0 - University of Toronto 4
TOP OF THE 3RD
Fresno State University Bulldogs batting - Pitching for University of Toronto Marlies : RHP Si-dao Xia
Batting: RHB Giorgi Bezhanishvili 0-0: Ball
1-0: Ball
2-0: Called Strike
2-1: Foul Ball, location: 2F
2-2: Foul Ball, location: 2F
2-2: SINGLE (Line Drive, 34D, EV 95.6 MPH)
Batting: LHB Vinny Rivera Pickoff Throw to First - Error! E1
Giorgi Bezhanishvili to second
0-0: Ground out 4-3 (Groundball, 4M, EV 83.8 MPH)
Giorgi Bezhanishvili to third
Batting: LHB Mike Roberts 0-0: Swinging Strike
0-1: Foul Ball, location: 2F
0-2: Strikes out swinging
Batting: RHB Tommy Tracy 0-0: Ball
1-0: Ball
2-0: Called Strike
2-1: Foul Ball, location: 2F
2-2: Ball
3-2: Fly out, F7 (Flyball, 7LM, EV 83.1 MPH)
Top of the 3rd over - 0 runs, 1 hit, 1 error, 1 left on base; Fresno State University 0 - University of Toronto 4
BOTTOM OF THE 3RD
University of Toronto Marlies batting - Pitching for Fresno State University Bulldogs : RHP Adrian Foreman
Batting: RHB Elijah Hunter 0-0: Ball
1-0: SINGLE (Groundball, 56D, EV 110.0 MPH)
Batting: RHB Masaru Konno 0-0: SINGLE (Groundball, 56S, EV 70.6 MPH) (infield hit)
Elijah Hunter to second
Batting: RHB Leo Gutierrez 0-0: Called Strike
0-1: Fly out, F8 (Flyball, 8LS, EV 86.3 MPH)
Batting: RHB Dan Allred 0-0: Ball
1-0: SINGLE (Groundball, 56D, EV 101.3 MPH)
Elijah Hunter to third
Masaru Konno to second
Batting: LHB Marshall Daul 0-0: Ball
1-0: Fielders Choice at 2nd, 6-4 (Groundball, 6, EV 91.3 MPH)
Elijah Hunter scores
Masaru Konno to third
Batting: RHB Tacito Carreiro 0-0: Ball
1-0: Called Strike
1-1: DOUBLE (Line Drive, 7LS, EV 103.1 MPH)
Masaru Konno scores
Marshall Daul to third
Pitching: RHP Bill Gomez
Batting: LHB Jonathan Roman 0-0: Foul Ball, location: 2F
0-1: Ball
1-1: Foul Ball, location: 2F
1-2: Strikes out looking
Bottom of the 3rd over - 2 runs, 4 hits, 0 errors, 2 left on base; Fresno State University 0 - University of Toronto 6
TOP OF THE 4TH
Fresno State University Bulldogs batting - Pitching for University of Toronto Marlies : RHP Si-dao Xia
Batting: RHB Todd Vanasco 0-0: Ball
1-0: Swinging Strike
1-1: Swinging Strike
1-2: DOUBLE (Flyball, 8LXD, EV 94.4 MPH)
Batting: RHB Phil Hamby 0-0: Ball
1-0: Ball
2-0: Called Strike
2-1: Ball
3-1: Swinging Strike
3-2: Base on Balls
Batting: RHB Andrew Pride 0-0: Ball
1-0: Foul Ball, location: 2F
1-1: Foul Ball, location: 2F
1-2: Fly out, F9 (Flyball, 89S, EV 94.4 MPH)
Batting: RHB Ryan Miller 0-0: Ball
1-0: SINGLE (Groundball, 6D, EV 100.0 MPH)
Todd Vanasco to third
Phil Hamby to second
Runner from 3rd tries for Home, SAFE, throw by LF to home
Batting: RHB Tsugio Yamaguchi 0-0: Swinging Strike
0-1: Ball
1-1: Reached on error, E4 (Groundball, 34, EV 87.5 MPH)
Phil Hamby to third
Ryan Miller to second
Batting: RHB Giorgi Bezhanishvili 0-0: Swinging Strike
0-1: Foul Ball, location: 2F
0-2: Ball
1-2: Fly out, F6 (Popup, P, EV 90.0 MPH)
Batting: LHB Vinny Rivera 0-0: SINGLE (Line Drive, 5L, EV 98.1 MPH)
Phil Hamby scores
Ryan Miller to third
Tsugio Yamaguchi to second
Runner from 3rd tries for Home, SAFE, throw by LF to home
Batting: LHB Mike Roberts 0-0: SINGLE (Line Drive, 78M, EV 108.8 MPH)
Tsugio Yamaguchi to third
Vinny Rivera to second
Batting: RHB Tommy Tracy 0-0: Ball
1-0: Ball
2-0: Fielders Choice at 2nd, U6 (Groundball, 6M, EV 110.0 MPH)
Top of the 4th over - 3 runs, 4 hits, 1 error, 3 left on base; Fresno State University 3 - University of Toronto 6
BOTTOM OF THE 4TH
University of Toronto Marlies batting - Pitching for Fresno State University Bulldogs : RHP Bill Gomez
Batting: RHB Rich Thurman 0-0: Ball
1-0: Foul Ball, location: 2F
1-1: Ball
2-1: Ball
3-1: Foul Ball, location: 2F
3-2: SINGLE (Groundball, 6MD, EV 106.9 MPH)
Batting: LHB Jonathon Walton 0-0: Foul Ball, location: 2F
0-1: Ball
1-1: Ball
2-1: Called Strike
2-2: Ball
3-2: Fly out, F9 (Flyball, 9, EV 91.9 MPH)
Batting: RHB Elijah Hunter 0-0: Called Strike
0-1: Ball
1-1: Swinging Strike
1-2: Foul Ball, location: 2F
1-2: Ball
2-2: 2-RUN HOME RUN (Flyball, 78XD, EV 115.0 MPH), Distance : 446 ft
Batting: RHB Masaru Konno 0-0: Ball
1-0: Foul Ball, location: 2F
1-1: DOUBLE (Line Drive, 9LD, EV 106.9 MPH)
Batting: RHB Leo Gutierrez 0-0: Ground out 6-3 (Groundball, 6, EV 88.8 MPH)
Batting: RHB Dan Allred 0-0: Fly out, F4 (Flyball, 4D, EV 91.3 MPH)
Bottom of the 4th over - 2 runs, 3 hits, 0 errors, 1 left on base; Fresno State University 3 - University of Toronto 8
TOP OF THE 5TH
Fresno State University Bulldogs batting - Pitching for University of Toronto Marlies : RHP Si-dao Xia
Batting: RHB Todd Vanasco 0-0: Ball
1-0: Foul Ball, location: 2F
1-1: Foul Ball, location: 2F
1-2: Ball
2-2: Fly out, F8 (Flyball, 89M, EV 91.9 MPH)
Pitching: RHP Carlos Guerrero
Batting: RHB Phil Hamby 0-0: Fly out, F9 (Flyball, 9D, EV 91.3 MPH)
Batting: RHB Andrew Pride 0-0: Ball
1-0: Called Strike
1-1: Ball
2-1: Ball
3-1: Base on Balls
Batting: RHB Ryan Miller 0-0: Called Strike
Andrew Pride is caught stealing 2nd base 2-4
Top of the 5th over - 0 runs, 0 hits, 0 errors, 0 left on base; Fresno State University 3 - University of Toronto 8
BOTTOM OF THE 5TH
University of Toronto Marlies batting - Pitching for Fresno State University Bulldogs : RHP Bill Gomez
Batting: LHB Marshall Daul 0-0: Called Strike
0-1: Swinging Strike
0-2: Ball
1-2: Foul Ball, location: 2F
1-2: Foul Ball, location: 2F
1-2: Ball
2-2: Foul Ball, location: 2F
2-2: Strikes out swinging
Batting: RHB Tacito Carreiro 0-0: Foul Ball, location: 2F
0-1: SINGLE (Groundball, 6D, EV 104.4 MPH)
Batting: LHB Jonathan Roman 0-0: Ball
1-0: Ball
2-0: Ball
3-0: Base on Balls
Tacito Carreiro to second
Batting: RHB Rich Thurman 0-0: Ball
1-0: Swinging Strike
1-1: Called Strike
1-2: Strikes out looking
Pitching: RHP Ryan Powers
Batting: LHB Jonathon Walton 0-0: Called Strike
0-1: Foul Ball, location: 2F
0-2: SINGLE (Line Drive, 89M, EV 98.8 MPH)
Tacito Carreiro to third
Jonathan Roman to second
Batting: RHB Elijah Hunter 0-0: Ball
1-0: Ball
2-0: Ball
3-0: Base on Balls
Tacito Carreiro scores
Jonathan Roman to third
Jonathon Walton to second
Batting: RHB Masaru Konno 0-0: SINGLE (Groundball, 6S, EV 78.1 MPH) (infield hit)
Jonathan Roman scores
Jonathon Walton to third
Elijah Hunter to second
Batting: RHB Leo Gutierrez 0-0: Ball
1-0: Called Strike
1-1: Fly out, F8 (Flyball, 8RD, EV 84.4 MPH)
Bottom of the 5th over - 2 runs, 3 hits, 0 errors, 3 left on base; Fresno State University 3 - University of Toronto 10
TOP OF THE 6TH
Fresno State University Bulldogs batting - Pitching for University of Toronto Marlies : RHP Carlos Guerrero
Batting: RHB Ryan Miller 0-0: Called Strike
0-1: Ground out 6-3 (Groundball, 6, EV 87.5 MPH)
Batting: RHB Tsugio Yamaguchi 0-0: Called Strike
0-1: Hit by Pitch
Batting: RHB Giorgi Bezhanishvili 0-0: Fly out, F8 (Line Drive, 8LD, EV 95.6 MPH)
Batting: LHB Vinny Rivera 0-0: Called Strike
0-1: Ball
1-1: Swinging Strike
1-2: Strikes out swinging
Top of the 6th over - 0 runs, 0 hits, 0 errors, 1 left on base; Fresno State University 3 - University of Toronto 10
BOTTOM OF THE 6TH
University of Toronto Marlies batting - Pitching for Fresno State University Bulldogs : RHP Ryan Powers
Batting: RHB Dan Allred 0-0: Ball
1-0: SINGLE (Groundball, 6S, EV 66.9 MPH) (infield hit)
Batting: LHB Marshall Daul 0-0: Called Strike
0-1: Foul Ball, location: 2F
0-2: Ball
1-2: Ball
2-2: Foul Ball, location: 2F
2-2: Ball
3-2: 2-RUN HOME RUN (Flyball, 9D, EV 95.0 MPH), Distance : 373 ft
Batting: RHB Tacito Carreiro 0-0: Ball
1-0: Ball
2-0: Called Strike
2-1: Foul Ball, location: 2F
2-2: Foul Ball, location: 2F
2-2: Fly out, F8 (Flyball, 8LS, EV 78.8 MPH)
Batting: LHB Jonathan Roman 0-0: Ball
1-0: Ball
2-0: Foul Ball, location: 2F
2-1: Ground out 5-3 (Groundball, 56, EV 93.8 MPH)
Batting: RHB Rich Thurman 0-0: Ball
1-0: Foul Ball, location: 2F
1-1: Foul Ball, location: 2F
1-2: Ball
2-2: Foul Ball, location: 2F
2-2: Ball
3-2: Ground out 6-3 (Groundball, 6, EV 83.8 MPH)
Bottom of the 6th over - 2 runs, 2 hits, 0 errors, 0 left on base; Fresno State University 3 - University of Toronto 12
TOP OF THE 7TH
Fresno State University Bulldogs batting - Pitching for University of Toronto Marlies : RHP Carlos Guerrero
Now at 2B: Jose Argueta
Now in RF: Dan Allred
Pinch Hitting: SHB Jay Rook 0-0: Ball
1-0: Ball
2-0: Foul Ball, location: 2F
2-1: Foul Ball, location: 2F
2-2: Ball
3-2: Fly out, F5 (Popup, 25F, EV 79.4 MPH)
Batting: RHB Tommy Tracy 0-0: Called Strike
0-1: Ball
1-1: Ball
2-1: Foul Ball, location: 2F
2-2: Strikes out looking
Batting: RHB Todd Vanasco 0-0: Ball
1-0: Ball
2-0: Called Strike
2-1: Ball
3-1: Foul Ball, location: 2F
3-2: Strikes out looking
Top of the 7th over - 0 runs, 0 hits, 0 errors, 0 left on base; Fresno State University 3 - University of Toronto 12
BOTTOM OF THE 7TH
University of Toronto Marlies batting - Pitching for Fresno State University Bulldogs : RHP Ryan Powers
Now at 1B: Miguel Velasco
Batting: LHB Jonathon Walton 0-0: Called Strike
0-1: Ground out 5-3 (Groundball, 15, EV 85.6 MPH)
Batting: RHB Elijah Hunter 0-0: Ball
1-0: Swinging Strike
1-1: Ball
2-1: Hit by Pitch
Pitching: LHP Ron Fries
Batting: RHB Masaru Konno 0-0: Foul Ball, location: 2F
0-1: Ball
1-1: Swinging Strike
1-2: Ball
2-2: Ball
3-2: DOUBLE (Line Drive, 8RXD, EV 102.5 MPH)
Elijah Hunter to third
Batting: RHB Jose Argueta 0-0: Fly out, F9 (Line Drive, 9S, EV 93.1 MPH)
Batting: RHB Dan Allred 0-0: Foul Ball, location: 2F
0-1: Ball
1-1: Fly out, F8 (Flyball, 8LM, EV 78.1 MPH)
Bottom of the 7th over - 0 runs, 1 hit, 0 errors, 2 left on base; Fresno State University 3 - University of Toronto 12
TOP OF THE 8TH
Fresno State University Bulldogs batting - Pitching for University of Toronto Marlies : RHP Carlos Guerrero
Batting: RHB Phil Hamby 0-0: Foul Ball, location: 2F
0-1: Fly out, F8 (Flyball, 89XD, EV 90.6 MPH)
Batting: RHB Andrew Pride 0-0: Ball
1-0: Ball
2-0: Ball
3-0: Called Strike
3-1: Foul Ball, location: 2F
3-2: Ground out 5-3 (Groundball, 56S, EV 68.8 MPH)
Batting: RHB Ryan Miller 0-0: Called Strike
0-1: Swinging Strike
0-2: Ball
1-2: Ball
2-2: Ball
3-2: Foul Ball, location: 2F
3-2: Foul Ball, location: 2F
3-2: Ground out 4-3 (Groundball, 4, EV 89.4 MPH)
Top of the 8th over - 0 runs, 0 hits, 0 errors, 0 left on base; Fresno State University 3 - University of Toronto 12
BOTTOM OF THE 8TH
University of Toronto Marlies batting - Pitching for Fresno State University Bulldogs : LHP Ron Fries
Batting: LHB Marshall Daul 0-0: SINGLE (Groundball, 56D, EV 98.8 MPH)
Batting: RHB Tacito Carreiro 0-0: Foul Ball, location: 2F
0-1: Foul Ball, location: 2F
0-2: Ball
1-2: Ball
2-2: Ball
3-2: Base on Balls
Marshall Daul to second
Batting: LHB Jonathan Roman 0-0: Called Strike
0-1: Foul Ball, location: 2F
0-2: Fly out, F4 (Line Drive, 4, EV 68.1 MPH)
Batting: RHB Rich Thurman 0-0: Called Strike
0-1: Ball
1-1: Foul Ball, location: 2F
1-2: Strikes out swinging
Batting: LHB Jonathon Walton 0-0: Ball
1-0: Foul Ball, location: 2F
1-1: Ball
2-1: Foul Ball, location: 2F
2-2: Foul Ball, location: 2F
2-2: Foul Ball, location: 2F
2-2: Ball
3-2: SINGLE (Groundball, 6D, EV 101.3 MPH)
Marshall Daul to third
Tacito Carreiro to second
Marshall Daul scores
Tacito Carreiro to third
Batting: RHB Elijah Hunter 0-0: Called Strike
0-1: Foul Ball, location: 2F
0-2: Foul Ball, location: 2F
0-2: Ball
1-2: Fly out, F6 (Popup, 6M, EV 66.3 MPH)
Bottom of the 8th over - 1 run, 2 hits, 0 errors, 2 left on base; Fresno State University 3 - University of Toronto 13
TOP OF THE 9TH
Fresno State University Bulldogs batting - Pitching for University of Toronto Marlies : RHP Carlos Guerrero
Pitching: RHP Dane Long
Pinch Hitting: RHB Wali Mulogo 0-0: Ball
1-0: Ball
2-0: Called Strike
2-1: Called Strike
2-2: Foul Ball, location: 2F
2-2: SINGLE (Line Drive, 8LS, EV 100.6 MPH)
Batting: RHB Giorgi Bezhanishvili 0-0: Called Strike
0-1: Grounds into double play, 5-4-3 (Groundball, 5, EV 84.4 MPH)
Batting: LHB Vinny Rivera 0-0: Ball
1-0: Ball
2-0: Foul Ball, location: 2F
2-1: Swinging Strike
2-2: SINGLE (Line Drive, 78M, EV 105.0 MPH)
Batting: RHB Miguel Velasco 0-0: Called Strike
0-1: Ground out 4-3 (Groundball, 4, EV 101.9 MPH)
Top of the 9th over - 0 runs, 2 hits, 0 errors, 1 left on base; Fresno State University 3 - University of Toronto 13
Thursday, March 31st , 2022 - OOTP Baseball 22.12 Build 89